 Dungeon Crawl Stone Soup version 0.26.0-10-g1f06aea511 (webtiles) character file.

Game seed: 15113767434410446863

886 Borgoz the Slasher (level 8, 0/67 HPs)
             Began as a Ghoul Gladiator on Jan 14, 2021.
             Was an Initiate of Ashenzari.
             Slain by Duvessa
             ... wielding a +0 rapier
              (11 damage)
             ... on level 4 of the Dungeon.
             The game lasted 00:05:36 (4758 turns).

Borgoz the Slasher (Ghoul Gladiator)                Turns: 4758, Time: 00:05:37

Health: 0/67       AC:  4    Str: 18    XL:     8   Next: 5%
Magic:  7/7        EV: 13    Int:  3    God:    Ashenzari [......]
Gold:   317        SH:  5    Dex: 12    Spells: 7/7 levels left

rFire    . . .     SeeInvis .   a - +0 long sword
rCold    + . .     Faith    .   (no shield)
rNeg     + + +     Spirit   .   b - +0 leather armour
rPois    ∞         Reflect  +   c - +0 helmet
rElec    .         Harm     .   (no cloak)
rCorr    .         Rampage  .   (no gloves)
Will     .....                  (no boots)
Stlth    ++........             v - amulet of reflection
HPRegen  0.00/turn              f - ring of stealth
MPRegen  0.10/turn              (no ring)

@: no status effects
A: claws 1, cold resistance 1, negative energy resistance 3, inhibited
regeneration, torment resistance, unbreathing
a: Renounce Religion, Curse Item


You were on level 4 of the Dungeon.
You worshipped Ashenzari.
Ashenzari was noncommittal.
You visited 2 branches of the dungeon, and saw 6 of its levels.

You collected 317 gold pieces.

Inventory:

Hand Weapons
 a - a +0 long sword (weapon)
Armour
 b - a +0 leather armour (worn)
 c - a +0 helmet (worn)
Jewellery
 f - a ring of stealth (left claw)
 v - an amulet of reflection (around neck)
Wands
 u - a wand of paralysis (13)
Scrolls
 h - a scroll of enchant weapon {unknown}
 i - 2 scrolls of remove curse
 k - 3 scrolls of amnesia {unknown}
 m - a scroll of random uselessness {unknown}
 p - 2 scrolls of teleportation {unknown}
 q - 2 scrolls of identify {unknown}
 s - 2 scrolls of magic mapping {unknown}
 t - a scroll of enchant armour {unknown}
Potions
 e - a potion of invisibility {unknown}
 l - a potion of cancellation
 n - 3 potions of flight
 o - a potion of resistance


   Skills:
 + Level 4.8 Fighting
 * Level 5.8 Long Blades
 - Level 1.8 Throwing
 + Level 3.2 Armour
 + Level 4.4 Dodging


You had 7 spell levels left.
You didn't know any spells.
Your spell library was empty.

Dungeon Overview and Level Annotations

Branches:
Dungeon (5/15)             Temple (1/1) D:4

Altars:
Ashenzari
Dithmenos
Fedhas
Gozag
Hepliaklqana
Kikubaaqudgha
Okawaru
Qazlal
Ru
Uskayaw
Vehumet
Wu Jian
Xom
Zin
The Shining One

Shops:
D:4 }

Annotations:
D:4 Dowan, Duvessa


Innate Abilities, Weirdness & Mutations

You thrive by killing the living.
You are immune to poison.
You have sharp fingernails.
Your flesh is cold resistant. (rC+)
You are immune to negative energy. (rN+++)
You do not regenerate when monsters are visible.
You are immune to unholy pain and torment.
You can survive without breathing.


Message History

You barely miss Duvessa.
Duvessa is lightly wounded.
Dowan hits you with a +2 dagger of flaming.
Dowan burns you.
* * * LOW HITPOINT WARNING * * *
Duvessa barely misses you.
You hit Duvessa.
Duvessa is moderately wounded.
Duvessa misses you. Dowan gestures at you while chanting.
The puff of frost hits you. You resist.
* * * LOW HITPOINT WARNING * * *
Duvessa barely misses you.
Dowan hits you with a +2 dagger of flaming.
* * * LOW HITPOINT WARNING * * *
Dowan burns you.
* * * LOW HITPOINT WARNING * * *
It was a potion of lignification.
You feel woody for a moment. Duvessa hits you with a +0 rapier!
You die...

#...# ..#... #...##
..##### # ...#..# #
#...##[.# #### #
#.... #..##.. #....#
#....# ... #..##
#.###..e###
#...#.#.@e#
##.#.###.......
####...### #..####
#........# ....
#......#..# ###..
#######..##.....(# .
.........##..#....#
#######....#.......#
#####.......[#.#.#.#


You could see Duvessa (fast) and Dowan.

Vanquished Creatures
  Grinder (D:3)
  Sigmund (D:3)
  An ogre (D:4)
  A phantom (D:2)
  A bullfrog skeleton (D:4)
  2 centaur skeletons (D:4)
  An iguana (D:4)
  Jessica (D:3)
  An orc wizard (D:3)
  A worker ant (D:4)
  10 adders
  A shadow imp (D:4)
  An adder zombie (D:3)
  2 worms
  A dart slug (D:1)
  6 orcs (D:3)
  4 giant cockroaches
  10 goblins
  10 hobgoblins
  2 quokkas
  3 ball pythons
  A ball python skeleton (D:4)
  13 bats
  7 frilled lizards
  10 kobolds
  A leopard gecko skeleton (D:4)
  4 rats
97 creatures vanquished.

Notes
Turn   | Place    | Note
-------+----------+-------------------------------------------
     0 | D:1      | Borgoz the Ghoul Gladiator began the quest for the Orb.
     0 | D:1      | Reached XP level 1. HP: 17/17 MP: 0/0
   157 | D:1      | Reached XP level 2. HP: 13/25 MP: 1/1
   272 | D:1      | Reached skill level 3 in Long Blades
   580 | D:1      | Reached XP level 3. HP: 30/30 MP: 2/2
  1105 | D:2      | Noticed a phantom
  1159 | D:2      | Killed a phantom
  1160 | D:2      | Reached skill level 1 in Armour
  1160 | D:2      | Reached XP level 4. HP: 8/38 MP: 3/3
  1160 | D:2      | Reached XP level 5. HP: 10/45 MP: 4/4
  1645 | D:2      | Found a faded altar of an unknown god.
  1645 | D:2      | Found a stormy altar of Qazlal.
  1650 | D:2      | Found an opulent altar of Gozag.
  1652 | D:2      | Found a shimmering altar of Xom.
  1654 | D:2      | Found a glowing silver altar of Zin.
  2061 | D:2      | Reached skill level 4 in Long Blades
  2422 | D:3      | Found an opulent altar of Gozag.
  2464 | D:3      | Reached XP level 6. HP: 38/51 MP: 5/5
  2465 | D:3      | Noticed Jessica
  2470 | D:3      | Killed Jessica
  2569 | D:3      | Noticed Grinder
  2573 | D:3      | Paralysed by Grinder for 4 turns
  2596 | D:3      | Paralysed by Grinder for 4 turns
  2606 | D:3      | Killed Grinder
  2607 | D:3      | Reached XP level 7. HP: 4/59 MP: 6/6
  3094 | D:3      | Found an ornate altar of the Wu Jian Council.
  3293 | D:3      | Reached skill level 5 in Long Blades
  3431 | D:4      | Noticed Sigmund
  3710 | D:3      | Killed Sigmund
  4029 | D:4      | Found Rizij's Gadget Shop.
  4110 | D:4      | Found a staircase to the Ecumenical Temple.
  4141 | D:5      | Entered Level 5 of the Dungeon
  4157 | Temple   | Entered the Ecumenical Temple
  4165 | Temple   | Became a worshipper of Ashenzari the Shackled
  4453 | D:4      | Reached XP level 8. HP: 44/67 MP: 7/7
  4729 | D:4      | Noticed Duvessa
  4731 | D:4      | Noticed Dowan
  4758 | D:4      | Slain by Duvessa

Illustrated notes

Levels and vault maps discovered:
D:1:      minmay_arrival_split_and_join, layout_rooms
D:2:      layout_loops_ring, chequers_temple_overflow_minitemple,
          chequers_garden, chequers_serial_rivers_micro_e
D:3:      layout_loops_ring, pdpol_wu_jian_five_deadly_venoms,
          grunt_gozag_breadcrumbs, uniq_grinder, uniq_jessica
D:4:      layout_rooms, minmay_temple_entry_large_hall, serial_shops, shop,
          hangedman_decor_opposing, chequers_decorated_corner,
          grunt_ministairs_8, uniq_ijyb, uniq_duvessa, uniq_sigmund
D:5:      layout_loops_ring, gammafunk_ghost_gnarly_gnolls, uniq_menkaure
Temple:   dpeg_chambers_temple

Skill      XL: |  1  2  3  4  5  6  7 |
---------------+----------------------+-----
Long Blades    | 3 4 5 |  5.8
Dodging        | 3 4 |  4.4
Fighting       | 3 4 |  4.8
Armour         | 1 2 3 |  3.2
Throwing       | |  1.8

Action                   |  1- 3 |  4- 6 |  7- 9 || total
-------------------------+-------+-------+-------++-------
Melee: Long sword        |   115 |   142 |   125 ||   382
Throw: Throwing net      |       |     1 |     5 ||     6
  Use: Potion            |     1 |     1 |    10 ||    12
       Scroll            |       |     1 |       ||     1
 Stab: Held in net/web   |       |       |     1 ||     1
       Sleeping          |       |       |     1 ||     1
Armor: Leather armour    |    46 |    41 |    15 ||   102
Dodge: Dodged            |    92 |    92 |    90 ||   274
Block: Other             |       |       |    16 ||    16
       Rpst.: Long sword |    32 |    24 |    27 ||    83
